 Dungeon Crawl Stone Soup version 0.31-a0-1603-gbec6b6c (webtiles) character file.

Game seed: 14320264182379368119

280 Dorkslayer the Trooper (level 6, 0/38 HPs)
             Began as a Gargoyle Fighter on Jan 7, 2024.
             Slain by an iguana (3 damage)
             ... on level 4 of the Dungeon.
             The game lasted 00:05:35 (1990 turns).

Dorkslayer the Trooper (Gargoyle Fighter)           Turns: 1990, Time: 00:05:35

Health: 0/38       AC: 15    Str: 21    XL:     6   Next: 27%
Magic:  6/6        EV:  8    Int:  9    God:
Gold:   146        SH:  4    Dex:  9    Spells: 5/5 levels left

rFire   + . .        s - +1 hand axe (flame)
rCold   . . .        c - +0 buckler
rNeg    + + .        t - +0 chain mail
rPois   ∞            (no helmet)
rElec   +            (no cloak)
rCorr   .            b - +0 pair of gloves
SInv    .            (no boots)
Will    .....        (no amulet) Stlth
                     j - ring of protection from fire
HPRegen 0.26/turn    o - ring of positive energy
MPRegen 0.10/turn

%: no passive effects
@: no status effects
A: sickness immunity, AC +4, negative energy resistance 1, electricity
resistance, torment resistance 1, petrification resistance
a: no special abilities


You were on level 4 of the Dungeon.
You visited 1 branch of the dungeon, and saw 4 of its levels.

You collected 146 gold pieces.

Inventory:

Hand Weapons
 a - a +0 war axe
 s - a +1 hand axe of flaming (weapon)
Missiles
 m - 3 atropa-tipped darts (quivered)
 p - 3 javelins
Armour
 b - a +0 pair of gloves (worn)
 c - a +0 buckler (worn)
 t - a +0 chain mail (worn)
Jewellery
 j - a ring of protection from fire (left hand)
 o - a ring of positive energy (right hand)
 w - a ring of protection from fire
Scrolls
 e - a scroll of enchant weapon {unknown}
 f - a scroll of teleportation
 h - a scroll of fear {unknown}
 i - a scroll of blinking
 l - a scroll of silence {unknown}
 n - a scroll of amnesia {unknown}
 q - a scroll of fog {unknown}
 r - a scroll of noise {unknown}
Potions
 d - 2 potions of might
 g - 2 potions of haste {unknown}
 k - 2 potions of curing {unknown}
 u - a potion of degeneration {unknown}
 v - 2 potions of heal wounds {unknown}
 x - a potion of magic {unknown}


   Skills:
 + Level 4.3 Fighting
 + Level 3.7 Axes
 + Level 0.6 Throwing
 + Level 4.3 Armour
 * Level 1.7 Dodging
 + Level 0.2 Stealth
 + Level 3.8 Shields


You had 5 spell levels left.
You didn't know any spells.
Your spell library was empty.

Dungeon Overview and Level Annotations

Branches:
Dungeon (4/15)
 Temple: D:4-7

Altars:
Xom


Innate Abilities, Weirdness & Mutations

You are immune to sickness and miasma.
Your stone body is resilient. (AC +4)
You are immune to poison.
You resist negative energy. (rN+)
You are resistant to electric shocks. (rElec)
You are resistant to unholy torment.
You are immune to petrification.


Message History

The iguana closely misses you.
You hit the iguana but do no damage.
The iguana is moderately wounded.
You block the iguana's attack.
You hit the iguana. You burn the iguana.
The iguana is heavily wounded.
The iguana bites you but does no damage.
You hit the iguana but do no damage.
The iguana is heavily wounded.
The iguana bites you!
You hit the iguana but do no damage.
The iguana is heavily wounded.
The iguana bites you.
You hit the iguana but do no damage.
The iguana is heavily wounded.
You block the iguana's attack. The iguana closely misses you.
You barely miss the iguana.
The iguana is heavily wounded.
The iguana barely misses you.
You hit the iguana. You burn the iguana.
The iguana is almost dead.
The iguana bites you.
You hit the iguana but do no damage.
The iguana is almost dead.
The iguana bites you!
* * * LOW HITPOINT WARNING * * *
You hit the iguana but do no damage.
The iguana is almost dead.
The iguana closely misses you.
You hit the iguana but do no damage.
The iguana is almost dead.
The iguana bites you.
* * * LOW HITPOINT WARNING * * *
You hit the iguana but do no damage.
The iguana is almost dead.
The iguana closely misses you.
You hit the iguana but do no damage.
The iguana is almost dead.
The iguana bites you.
You die...

....♣.♣.♣.♣.♣.♣.♣.♣ ..
..♣...♣...♣...♣.
.##♣.♣.♣.♣.♣.♣.♣.♣
..#...♣...♣...♣...
#.#♣.♣.♣.♣.♣.♣.♣.♣
#.#.♣...♣...♣...♣.
#.##.♣.♣.♣.♣.♣.♣.#
#.........##.#...#
#@.###.........###
.......l.............#
.......................
.....................##
.##..................#
....................#
......#..............#
......#........


You could see an iguana.

Vanquished Creatures
  Grinder (D:3)
  3 adders
  A dart slug (D:3)
  2 ribbon worms
  2 orcs
  11 bats
  11 endoplasms
  4 giant cockroaches
  8 goblins
  3 hobgoblins
  6 kobolds
  2 quokkas
  7 ball pythons
  2 frilled lizards (D:1)
  4 rats
67 creatures vanquished.

Notes
Turn   | Place    | Note
-------+----------+-------------------------------------------
     0 | D:1      | Dorkslayer the Gargoyle Fighter began the quest for the
                  | Orb.
     0 | D:1      | Reached XP level 1. HP: 14/14 MP: 1/1
   120 | D:1      | Reached XP level 2. HP: 19/19 MP: 2/2
   462 | D:1      | Reached XP level 3. HP: 24/24 MP: 3/3
  1315 | D:2      | Reached XP level 4. HP: 17/29 MP: 4/4
  1402 | D:3      | Reached skill level 1 in Dodging
  1420 | D:3      | Noticed Grinder
  1420 | D:3      | Paralysed by Grinder for 5 turns
  1442 | D:3      | Killed Grinder
  1443 | D:3      | Reached XP level 5. HP: 18/33 MP: 5/5
  1443 | D:3      | Reached XP level 6. HP: 21/38 MP: 6/6
  1524 | D:3      | Found a shimmering altar of Xom.
  1640 | D:3      | Found a faded altar of an unknown god.
  1990 | D:4      | Slain by an iguana

Illustrated notes

Levels and vault maps discovered:
D:1:      eino_arrival_cavern_a, layout_rooms
D:2:      layout_loops_cross, nicolae_hexahallways
D:3:      layout_rooms, mainiacjoe_overflow_paths,
          shapermc_ecumenical_altar_hornbeckon, uniq_grinder
D:4:      layout_basic, nicolae_uskayaw_en_pointe,
          mainiacjoe_overflow_boulevard, kennysheep_crisscross, kennysheep_nub,
          nicolae_concentric_dashed_squares_wild, minmay_manual_mandibuliform,
          uniq_sigmund, uniq_pikel

Skill      XL: |  1  2  3  4 |
---------------+-------------+-----
Axes           | 2 3 |  3.7
Dodging        | 1 |  1.7
Fighting       | 4 |  4.3
Armour         | 4 |  4.3
Throwing       | |  0.6
Stealth        | |  0.2
Shields        | |  3.8

Action                     |  1- 3 |  4- 6 || total
---------------------------+-------+-------++-------
  Melee: War axe           |   123 |     1 ||   124
         Hand axe          |       |    80 ||    80
  Throw: Dart              |       |     4 ||     4
         Javelin           |       |     3 ||     3
    Use: Scroll            |       |     3 ||     3
 Armour: Scale mail        |   108 |       ||   108
         Chain mail        |       |    54 ||    54
  Dodge: Dodged            |    67 |    30 ||    97
  Block: Buckler           |    27 |    19 ||    46

Table legend: (Time is in decaauts)
 A = Elapsed time spent in this place.
 B = Non-inter-level travel time spent in this place.
 C = Inter-level travel time spent in this place.
 D = Time resting spent in this place.
 E = Time spent auto-exploring this place.
 F = Levels seen in this place.
 G = Mean time per level.
                   A        B        C        D        E       F      G
               +--------+--------+--------+--------+--------+-----+--------+
         Total |   2066 |   2066 |      0 |     30 |    846 |   4 |  516.5 |
       Dungeon |   2066 |   2066 |      0 |     30 |    846 |   4 |  516.5 |
               +--------+--------+--------+--------+--------+-----+--------+

Top non-repeatable levels by time:
     D:2: 883 daAuts
     D:3: 584 daAuts
     D:1: 520 daAuts
     D:4: 77 daAuts
